 Dungeon Crawl Stone Soup version 0.21-a0-442-g848f44b (webtiles) character file.

97 tof the Twirler (level 4, -1/34 HPs)
             Began as a Demonspawn Gladiator on Nov 12, 2017.
             Slain by an adder (3 damage)
             ... on level 3 of the Dungeon.
             The game lasted 00:03:45 (2562 turns).

tof the Twirler (Demonspawn Gladiator)              Turns: 2562, Time: 00:03:46

Health: -1/34      AC:  6    Str: 20    XL:     4   Next: 42%
Magic:  4/4        EV: 13    Int:  9    God:
Gold:   106        SH:  0    Dex: 15    Spells: 3/3 levels left

rFire    + . .     SeeInvis .   a - +0 quarterstaff
rCold    . . .     Gourm    .   (shield currently unavailable)
rNeg     . . .     Faith    .   b - +0 leather armour
rPois    +         Spirit   .   c - +0 helmet
rElec    .         Reflect  .   (no cloak)
rCorr    .         Harm     .   (no gloves)
MR       +....                  (no boots)
Stlth    +.........             (no amulet)
HPRegen  0.11/turn              i - ring of protection from magic
MPRegen  0.09/turn              u - ring of poison resistance

@: mighty, very slow
A: thin metallic scales 1, fire resistance 1, nightstalker 1
a: no special abilities


You were on level 3 of the Dungeon.
You were not hungry.

You visited 1 branch of the dungeon, and saw 3 of its levels.

You collected 106 gold pieces.

Inventory:

Hand Weapons
 a - a +0 quarterstaff (weapon)
Missiles
 d - 3 throwing nets
 n - 5 javelins (quivered)
Armour
 b - a +0 leather armour (worn)
 c - a +0 helmet (worn)
Jewellery
 i - a ring of protection from magic (left hand)
 u - a ring of poison resistance (right hand)
Scrolls
 e - 3 scrolls of remove curse {unknown}
 g - 2 scrolls of teleportation {unknown}
 h - a scroll of fog {unknown}
 l - 2 scrolls of amnesia {unknown}
 m - a scroll of fear {unknown}
 o - a scroll of identify {unknown}
 q - a scroll of magic mapping {unknown}
 r - a scroll of enchant armour {unknown}
 v - a scroll of recharging {unknown}
Potions
 k - a potion of might
 s - a potion of heal wounds {unknown}
 w - a potion of curing {unknown}
Comestibles
 f - 3 bread rations
 j - 2 meat rations
 p - a royal jelly
 t - 3 chunks of flesh


   Skills:
 + Level 2.7 Fighting
 * Level 3.6 Staves
 - Level 1.7 Throwing
 + Level 1.3 Armour
 + Level 3.2 Dodging


You had 3 spell levels left.
You didn't know any spells.

Dungeon Overview and Level Annotations

Branches:
Dungeon (3/15)

Altars:
Trog

Annotations:
D:3 1 runed door


Innate Abilities, Weirdness & Mutations

You are partially covered in thin metallic scales. (AC +2)
Your flesh is heat resistant. (rF+)
You are slightly more attuned to the shadows.


Message History

* * * LOW HITPOINT WARNING * * *
Your unstable footing causes you to fumble your attack.
The adder misses you.
Your unstable footing causes you to fumble your attack.
The adder bites you but does no damage.
You barely miss the adder.
The adder is heavily wounded.
You hear the slow rusting of a drain.
The adder closely misses you. The adder bites you.
* * * LOW HITPOINT WARNING * * *
You completely miss the adder.
The adder is heavily wounded.
The adder barely misses you.
It was a potion of might.
You feel very mighty all of a sudden. The adder closely misses you.
The adder bites you but does no damage.
You closely miss the adder.
The adder is heavily wounded.
The adder bites you.
You die...

########.#.....
........'..... ##
#####...##.#..... ≈
#≈≈≈#...##.###### #
#≈#)#≈#≈..##.# #
≈≈≈#≈#≈#≈#≈.....#
#≈r≈≈r#≈≈≈≈..###
#######S#≈#≈......#
≈≈≈≈≈≈@≈#≈≈≈..###.#
#≈#######≈#...# #
#≈≈≈..# #≈≈....
..#..... ........


You could see an adder and a river rat.

Vanquished Creatures
  3 adders
  2 oozes
  A worm (D:2)
  4 dart slugs (D:1)
  3 leopard geckos
  7 bats
  A giant cockroach (D:2)
  5 goblins
  7 hobgoblins
  6 kobolds
  2 ball pythons (D:2)
  2 frilled lizards (D:2)
  5 rats
48 creatures vanquished.

Notes
Turn   | Place    | Note
-------+----------+-------------------------------------------
     0 | D:1      | tof the Demonspawn Gladiator began the quest for the Orb.
     0 | D:1      | Reached XP level 1. HP: 16/16 MP: 1/1
   321 | D:1      | Gained mutation: You are slightly more attuned to the shadows. [demonic ancestry]
   321 | D:1      | Reached XP level 2. HP: 22/22 MP: 2/2
  1097 | D:1      | Gained mutation: You are partially covered in thin metallic scales. (AC +2) [demonic ancestry]
  1097 | D:1      | Reached XP level 3. HP: 28/28 MP: 3/3
  1412 | D:2      | Reached skill level 1 in Armour
  1507 | D:2      | Found a bloodstained altar of Trog.
  2012 | D:2      | Gained mutation: Your flesh is heat resistant. (rF+) [demonic ancestry]
  2012 | D:2      | Reached XP level 4. HP: 23/34 MP: 4/4
  2387 | D:3      | Found a runed door.
  2562 | D:3      | Slain by an adder

Vault maps used:
D:1:      dpeg_arrival_triangle_fractal, patterned_corridor
D:2:      lemuel_doored_altar
D:3:      xom_butterflies, lightli_sewer_entry_pipes, uniq_crazy_yiuf_cottage,
          uniq_sigmund

Skill      XL: |  1  2  3 |
---------------+----------+-----
Staves         | 3 |  3.6
Dodging        | 3 |  3.2
Armour         | 1 |  1.3
Fighting       | |  2.7
Throwing       | |  1.7

Action                   |  1- 3 |  4- 6 || total
-------------------------+-------+-------++-------
Melee: Quarterstaff      |   111 |    54 ||   165
  Use: Potion            |       |     1 ||     1
 Stab: Sleeping          |    13 |       ||    13
  Eat: Chunk             |     3 |     2 ||     5
Armor: Leather armour    |    30 |    17 ||    47
Dodge: Dodged            |    82 |    49 ||   131

Table legend:
 A = Spawn XP
 B = Non-spawn XP
 C = Spawn XP percentage of total XP
 D = Spawn monster count
 E = Non-spawn monster count
 F = Spawn count percentage of total count
 G = Total turns spent on level
                    A         B        C        D         E        F      G
               +---------+---------+-------+---------+---------+-------+---------
         Total |       0 |     139 |   0.0 |       0 |      48 |   0.0 |  2562
               +---------+---------+-------+---------+---------+-------+---------
           D:1 |       0 |      54 |   0.0 |       0 |      24 |   0.0 |  1394
           D:2 |       0 |      63 |   0.0 |       0 |      18 |   0.0 |   976
           D:3 |       0 |      22 |   0.0 |       0 |       6 |   0.0 |   192
               +---------+---------+-------+---------+---------+-------+---------
